 Dungeon Crawl Stone Soup version 0.28.0-53-g5a82cb258f (webtiles) character file.

Game seed: 13642869448609810234

427 Gabide the Skirmisher (level 6, 0/52 HPs)
             Began as a Mummy Berserker on June 20, 2022.
             Was a Priest of Trog.
             Slain by an ogre
             ... wielding a +0 giant club
              (27 damage)
             ... on level 4 of the Dungeon.
             The game lasted 00:06:51 (6131 turns).

Gabide the Skirmisher (Mummy Berserker)             Turns: 6131, Time: 00:06:52

Health: 0/52       AC: 10    Str: 22    XL:     6   Next: 65%
Magic:  6/6        EV: 12    Int: 10    God:    Trog [***...]
Gold:   147        SH:  0    Dex: 17    Spells: 5/5 levels left

rFire   x . .      SeeInvis .     - Unarmed
rCold   + . .      Faith    .   (no shield)
rNeg    + + +      Spirit   .   a - +1 robe of the Trombone {Will+ Int+3 Stlth+}
rPois   ∞          Reflect  .   m - +1 helmet
rElec   .          Harm     .   j - +0 cloak
rCorr   .          Rampage  .   (no gloves)
Will    +....                   (no boots)
Stlth   +++.......              n - amulet of the acrobat
HPRegen 0.17/turn               h - +4 ring of protection
MPRegen 0.10/turn               g - +6 ring of dexterity

@: no status effects
A: cold resistance 1, negative energy resistance 3, torment resistance 2, heat
vulnerability 1, no potions
a: Renounce Religion, Trog's Hand


You were on level 4 of the Dungeon.
You worshipped Trog.
Trog was most pleased with you.
You visited 1 branch of the dungeon, and saw 5 of its levels.

You collected 147 gold pieces.

Inventory:

Missiles
 d - 4 atropa-tipped darts (quivered)
 l - 4 boomerangs
Armour
 a - the +1 robe of the Trombone (worn) {Will+ Int+3 Stlth+}
   (You found it on level 2 of the Dungeon)

   Int:       It affects your intelligence (+3).
   Will:      It increases your willpower.
   Stlth:     It makes you more stealthy.
 j - a +0 cloak (worn)
 m - a +1 helmet (worn)
Jewellery
 g - a +6 ring of dexterity (right hand)
 h - a +4 ring of protection (left hand)
 n - an amulet of the acrobat (around neck)
Wands
 e - a wand of acid (6)
Scrolls
 b - a scroll of brand weapon
 c - a scroll of magic mapping
 i - a scroll of identify
 k - a scroll of vulnerability


   Skills:
 + Level 5.7 Fighting
 - Level 1.5 Armour
 - Level 1.5 Dodging
 + Level 4.7 Unarmed Combat


You had 5 spell levels left.
You didn't know any spells.
Your spell library was empty.

Dungeon Overview and Level Annotations

Branches:
Dungeon (5/15)
 Temple: D:4-7

Altars:
Yredelemnul

Annotations:
D:4 exclusion: ogre


Innate Abilities, Weirdness & Mutations

You are immune to poison.
Your flesh is cold resistant. (rC+)
You are immune to negative energy. (rN+++)
You are immune to unholy pain and torment.
You are vulnerable to heat. (rF-)
You do not drink.


Message History

You punch the shadow imp!
You kill the shadow imp!
Trog accepts your kill.
No target in view!
No target in view!
No target in view!
No target in view!
No target in view!
No target in view!
No target in view!
No target in view!
Partly explored, can't reach some places.
Partly explored, can't reach some places.
Really walk into a travel-excluded area?
You throw an atropa-tipped dart. The atropa-tipped dart hits the ogre.
The ogre appears confused.
The ogre shouts!
The ogre seems less confused.
The ogre is no longer blind.
The ogre completely misses you.
You hit the ogre.
The ogre is lightly wounded.
The ogre hits you with a +0 giant club!
You barely miss the ogre.
The ogre is lightly wounded.
You barely miss the ogre.
The ogre is lightly wounded.
The ogre closely misses you.
You hit the ogre.
The ogre is moderately wounded.
The ogre hits you with a +0 giant club!
You see here a +0 dagger.
Throw: 5 darts (atropa)
Press: ? - help, Q - select action, (/) - cycle Shift-Dir - straight line, f/p - ogre
Aim: an ogre, wielding a +0 giant club (lightly wounded, 76% to hit, chance to blind on hit: 27%)
You throw an atropa-tipped dart. The atropa-tipped dart hits the ogre.
The ogre resists.
The ogre is lightly wounded.
The ogre hits you with a +0 giant club!!
Ouch! That really hurt!
You die...

######### #..)....#
#.≈.8.≈O# ##.≈...≈@#
#..≈≈.≈≈.# #..≈≈.≈≈.#
#..≈≈.≈≈.# #..≈≈_≈≈.#
#..≈≈≈≈≈.# #...≈≈≈..######
##.............#
####....###....>..##########


You could see an ogre.

Vanquished Creatures
  An ogre (D:4)
  A necrophage (D:3)
  A hound (D:4)
  An iguana (D:4)
  An orc wizard (D:4)
  A hound skeleton (D:4)
  4 adders
  A shadow imp (D:4)
  3 worms
  4 dart slugs
  12 orcs
  8 ball pythons
  11 bats
  7 endoplasms
  5 giant cockroaches
  8 goblins
  5 hobgoblins
  4 quokkas
  5 frilled lizards
  A jackal skeleton (D:4)
  A kobold (D:1)
  4 rats
89 creatures vanquished.

Notes
Turn   | Place    | Note
-------+----------+-------------------------------------------
     0 | D:1      | Gabide the Mummy Berserker began the quest for the Orb.
     0 | D:1      | Reached XP level 1. HP: 18/18 MP: 1/1
   149 | D:1      | Reached XP level 2. HP: 9/24 MP: 2/2
  1883 | D:2      | Identified the +1 robe of the Trombone {Will+ Int+3 Stlth+}
  1961 | D:2      | Reached XP level 3. HP: 30/30 MP: 3/3
  2971 | D:2      | Reached ** piety under Trog
  3745 | D:1      | Reached skill level 4 in Fighting
  3800 | D:3      | Found a faded altar of an unknown god.
  3877 | D:3      | Reached XP level 4. HP: 31/37 MP: 4/4
  4433 | D:4      | Noticed a necrophage
  4462 | D:3      | Killed a necrophage
  4463 | D:3      | Reached XP level 5. HP: 42/43 MP: 5/5
  4613 | D:3      | Reached *** piety under Trog
  4847 | D:4      | Reached skill level 5 in Fighting
  5030 | D:4      | Noticed an ogre
  5079 | D:4      | Reached XP level 6. HP: 41/51 MP: 6/6
  5543 | D:5      | Entered Level 5 of the Dungeon
  5990 | D:4      | Found a basalt altar of Yredelemnul.
  6131 | D:4      | Slain by an ogre

Illustrated notes

Levels and vault maps discovered:
D:1:      wander_arrival_peaceful_grave, layout_basic, st_stairs_2
D:2:      layout_loops_corners, dk_noncrumbling_4, minmay_3d_cube
D:3:      layout_basic, basic_ecumenical_altar
D:4:      layout_rooms, mainiacjoe_overflow_catwalk, kennysheep_generic_room_7
D:5:      layout_cave_pods, portal_sewer_entry_d, corexii_hall_statues_s

Skill      XL: |  1  2  3  4  5 |
---------------+----------------+-----
Unarmed Combat | 3 4 |  4.7
Fighting       | 4 5 |  5.7
Armour         | |  1.5
Dodging        | |  1.5

Action                   |  1- 3 |  4- 6 || total
-------------------------+-------+-------++-------
Melee: Unarmed           |   187 |   182 ||   369
       Punch             |     6 |     9 ||    15
Throw: Dart              |     5 |     7 ||    12
       Boomerang         |       |    10 ||    10
Invok: Trog's Hand       |       |     1 ||     1
  Use: Scroll            |     3 |     2 ||     5
 Stab: Sleeping          |     3 |     6 ||     9
       Invisible         |       |     1 ||     1
Armor: Animal skin       |    15 |       ||    15
       Scale mail        |     9 |       ||     9
       Robe              |    32 |    65 ||    97
Dodge: Dodged            |   136 |   109 ||   245
